 Dungeon Crawl Stone Soup version 0.24-a0-99-ge52b27f005 (webtiles) character file.

Game seed: 4564108860400507410

727 Maize the Chopper (level 7, -3/94 HPs)
             Began as a Minotaur Berserker on Feb 12, 2019.
             Was a Priest of Trog.
             Slain by a gnoll
             ... wielding a +0 halberd
              (13 damage)
             ... on level 5 of the Dungeon.
             The game lasted 00:05:03 (3814 turns).

Maize the Chopper (Minotaur Berserker)              Turns: 3814, Time: 00:05:04

Health: -3/94      AC: 11    Str: 29    XL:     7   Next: 44%
Magic:  6/6        EV:  9    Int:  4    God:    Trog [***...]
Gold:   197        SH:  0    Dex:  9    Spells: 6/6 levels left

rFire    . . .     SeeInvis .   D - +0 war axe
rCold    + . .     Gourm    .   (no shield)
rNeg     . . .     Faith    .   v - +0 chain mail
rPois    .         Spirit   .   (helmet restricted)
rElec    .         Reflect  .   (no cloak)
rCorr    .         Harm     .   (no gloves)
MR       .....                  (no boots)
Stlth    ..........             (no amulet)
HPRegen  0.25/turn              b - +2 ring of protection
MPRegen  0.10/turn              n - ring of protection from cold

@: berserking, lethally poisoned (-3 -> -3), very quick
A: retaliatory headbutt, horns 2
a: Berserk, Trog's Hand, Renounce Religion


You were on level 5 of the Dungeon.
You worshipped Trog.
Trog was most pleased with you.
You were very hungry.

You visited 1 branch of the dungeon, and saw 5 of its levels.

You collected 197 gold pieces.

Inventory:

Hand Weapons
 D - a +0 war axe (weapon)
Armour
 o - a +0 ring mail
 v - a +0 chain mail (worn)
Jewellery
 b - a +2 ring of protection (left hand)
 m - an uncursed ring of fire
 n - a ring of protection from cold (right hand)
Scrolls
 f - 2 scrolls of magic mapping
 k - 2 scrolls of teleportation
 l - 5 scrolls of remove curse
 q - a scroll of blinking
 s - a scroll of immolation {unknown}
 t - a scroll of random uselessness {unknown}
 u - 2 scrolls of enchant weapon
 x - a scroll of enchant armour {unknown}
 y - a scroll of fog {unknown}
 B - a scroll of identify
Potions
 d - 2 potions of lignification {unknown}
 e - a potion of might {unknown}
 g - 3 potions of curing {unknown}
 h - 3 potions of heal wounds
 i - 2 potions of magic {unknown}
 j - a potion of cancellation
 p - a potion of mutation {unknown}
 r - a potion of berserk rage {unknown}
 w - a potion of ambrosia {unknown}
 z - 2 potions of brilliance {unknown}
 A - a potion of flight {unknown}
Comestibles
 c - 9 rations


   Skills:
 + Level 6.1 Fighting
 * Level 7.9 Axes
 + Level 5.4 Armour
 - Level 2.2 Dodging


You had 6 spell levels left.
You didn't know any spells.
Your spell library was empty.

Dungeon Overview and Level Annotations

Branches:
Dungeon (5/15)
 Temple: D:4-7

Altars:
Ashenzari
Sif Muna


Innate Abilities, Weirdness & Mutations

You reflexively headbutt those who attack you in melee.
You have a pair of horns on your head.


Message History

You kill the orc!
Trog accepts your kill. The phantom misses you.
The gnoll hits you but does no damage.
You hit the phantom but do no damage. Your headbutt misses the phantom.
The phantom is almost destroyed.
The phantom barely misses you.
You hit the phantom.
The phantom is almost destroyed.
The gnoll hits you from afar with a +0 halberd!
* * * LOW HITPOINT WARNING * * *
The phantom hits you.
* * * LOW HITPOINT WARNING * * *
The phantom blinks!
A red film seems to cover your vision as you go berserk!
You feel yourself moving faster!
You feel mighty!
You are feeling very hungry.
You feel sick. The gnoll hits you but does no damage.
You feel a strong urge to attack something.
The gnoll hits you with a +0 halberd!
You die...

#..#...#...#...#...#
#....#...#...#...#..
#####..#...#...#...#...#
#........#...#...#...#..
#.#........#...#...#...#
#>#######..#...#...#..
#.##.#..W....#...#....
#.)).#.###.... #.. ##
##.).@.......
#....g..#... #.......#
###+#..... ##..... .....
.... ###.


You could see a phantom and a gnoll.

Vanquished Creatures
  A water moccasin zombie (D:5)
  A centaur zombie (D:5)
  A hound (D:5)
  2 bullfrog skeletons (D:4)
  2 orc priests
  Terence (D:3)
  2 iguanas (D:5)
  6 orc wizards
  A killer bee zombie (D:5)
  6 adders
  6 gnolls
  4 worms
  4 leopard geckos
  23 orcs
  A ball python (D:2)
  5 bats
  3 giant cockroaches
  10 goblins
  2 hobgoblins (D:1)
  9 jackals
  6 kobolds
  5 frilled lizards
  A giant cockroach zombie (D:5)
  A leopard gecko skeleton (D:3)
  10 rats
113 creatures vanquished.

Notes
Turn   | Place    | Note
-------+----------+-------------------------------------------
     0 | D:1      | Maize the Minotaur Berserker began the quest for the Orb.
     0 | D:1      | Reached XP level 1. HP: 19/19 MP: 0/0
   228 | D:1      | Reached skill level 4 in Axes
   228 | D:1      | Reached XP level 2. HP: 18/27 MP: 1/1
  1156 | D:2      | Reached XP level 3. HP: 33/33 MP: 2/2
  1418 | D:2      | Reached XP level 4. HP: 33/41 MP: 3/3
  1436 | D:2      | Found a faded altar of an unknown god.
  1446 | D:2      | Reached ** piety under Trog
  1682 | D:2      | Reached skill level 5 in Axes
  2015 | D:3      | Noticed Terence
  2024 | D:3      | Killed Terence
  2137 | D:3      | Reached XP level 5. HP: 47/47 MP: 4/4
  2583 | D:3      | Reached skill level 6 in Axes
  2618 | D:3      | Reached skill level 5 in Fighting
  2989 | D:4      | Reached XP level 6. HP: 50/56 MP: 5/5
  3034 | D:4      | Reached *** piety under Trog
  3070 | D:4      | Found a shattered altar of Ashenzari.
  3519 | D:5      | Entered Level 5 of the Dungeon
  3587 | D:5      | Reached skill level 7 in Axes
  3723 | D:5      | Reached XP level 7. HP: 61/62 MP: 6/6
  3728 | D:5      | Found a deep blue altar of Sif Muna.
  3764 | D:5      | Reached skill level 5 in Armour
  3814 | D:5      | Slain by a gnoll

Levels and vault maps discovered:
D:1:      eino_arrival_cavern_b, layout_basic, nrook_uturn, item_on_display_b
D:2:      layout_rooms, serial_curves, eino_curves_03, eino_curves_01,
          eino_curves_03, chequers_ecumenical_altar_twisty,
          kennysheep_generic_room_4
D:3:      minmay_chambers_of_threes, layout_loops_cross, uniq_terence
D:4:      layout_cave_pools, kennysheep_mini
D:5:      lemuel_castle_with_subvaults [lemuel_castle_interior_carwin_2],
          layout_basic, slow_altar_1, lemuel_doored_altar,
          minmay_temple_entry_antechambers, first_ration, hex_large,
          minmay_misc_feat_nine_boxes, patterned_corridor

Skill      XL: |  1  2  3  4  5  6  7 |
---------------+----------------------+-----
Axes           | 4 5 6 7 |  7.9
Fighting       | 4 5 6 |  6.1
Armour         | 3 4 5 |  5.4
Dodging        | |  2.2

Action                   |  1- 3 |  4- 6 |  7- 9 || total
-------------------------+-------+-------+-------++-------
Melee: Hand axe          |    69 |   174 |       ||   243
       Headbutt          |    11 |    24 |     4 ||    39
       War axe           |       |       |    29 ||    29
Invok: Berserk           |     1 |     3 |     1 ||     5
  Use: Scroll            |       |    10 |       ||    10
  Eat: Chunk             |     2 |    11 |       ||    13
Armor: Animal skin       |     5 |       |       ||     5
       Ring mail         |     3 |    47 |       ||    50
       Chain mail        |       |    21 |    32 ||    53
Dodge: Dodged            |    36 |   101 |    24 ||   161

Table legend:
 A = Non-vault XP
 B = Vault XP
 C = Vault XP percentage of total XP
 D = Non-vault monster count
 E = Vault monster count
 F = Vault count percentage of total count
                 A         B        C        D         E       F
            +---------+---------+-------+---------+---------+-------
      Total |     963 |      76 |   7.3 |      99 |      14 |  12.4
            +---------+---------+-------+---------+---------+-------
        D:1 |      39 |       0 |   0.0 |      22 |       0 |   0.0
        D:2 |      81 |       2 |   2.4 |      15 |       1 |   6.2
        D:3 |     141 |      74 |  34.4 |      21 |      13 |  38.2
        D:4 |     192 |       0 |   0.0 |      16 |       0 |   0.0
        D:5 |     510 |       0 |   0.0 |      25 |       0 |   0.0
            +---------+---------+-------+---------+---------+-------
